 Dungeon Crawl Stone Soup version 0.28.0-43-g3370ac3207 (webtiles) character file.

Game seed: 13519301723145798486

787 ZappyNine the Skirmisher (level 7, 0/75 HPs)
             Began as an Ogre Summoner on Mar 30, 2022.
             Was an Initiate of Hepliaklqana.
             Shot with an arrow by a centaur (8 damage)
             ... on level 5 of the Dungeon on Mar 31, 2022.
             The game lasted 00:10:44 (7311 turns).

ZappyNine the Skirmisher (Ogre Summoner)            Turns: 7311, Time: 00:10:44

Health: 0/75       AC:  3    Str: 13    XL:     7   Next: 87%
Magic:  13/15      EV:  9    Int: 18    God:    Hepliaklqana [......]
Gold:   189        SH:  0    Dex:  9    Spells: 12/17 levels left

rFire   . . .      SeeInvis .   p - +0 trident (vorpal)
rCold   . . .      Faith    .   (no shield)
rNeg    . . .      Spirit   .   a - +0 robe
rPois   .          Reflect  .   (helmet restricted)
rElec   .          Harm     .   (no cloak)
rCorr   .          Rampage  .   (gloves unavailable)
Will    .....                   (boots unavailable)
Stlth   ++........              e - amulet of magic regeneration
HPRegen 0.22/turn               (no ring)
MPRegen 0.54/turn               (no ring)

@: no status effects
A: large, unfitting armour, tough skin 1, thin skeletal structure 1, clumsy 1,
devolution 1
a: Renounce Religion


You were on level 5 of the Dungeon.
You worshipped Hepliaklqana.
Hepliaklqana was noncommittal.
You visited 2 branches of the dungeon, and saw 6 of its levels.

You collected 189 gold pieces.

Inventory:

Hand Weapons
 b - a +0 hand axe
 i - a +0 club
 p - a +0 vorpal trident (weapon)
Armour
 a - a +0 robe (worn)
Jewellery
 e - an amulet of magic regeneration (around neck)
Wands
 o - a wand of mindburst (29)
Scrolls
 h - 3 scrolls of teleportation
 k - a scroll of blinking
 l - a scroll of torment
Potions
 c - a potion of invisibility
 g - a potion of attraction
 r - a potion of ambrosia
 s - a potion of berserk rage
 t - a potion of brilliance {unknown}


   Skills:
 * Level 6.1 Fighting
 - Level 0.5 Maces & Flails
 - Level 1.7 Dodging
 - Level 1.4 Stealth
 * Level 5.8 Spellcasting
 * Level 5.7 Summonings


You had 12 spell levels left.
You knew the following spells:

 Your Spells              Type           Power      Damage    Failure   Level
b - Call Imp              Summ           25%        N/A       1%          2
c - Call Canine Familiar  Summ           25%        N/A       3%          3

Your spell library contained the following spells:

 Spells                   Type           Power      Damage    Failure   Level
 Summon Small Mammal      Summ           100%       N/A       1%          1
 Summon Guardian Golem    Hex/Summ       15%        N/A       12%         3
 Blink                    Tloc           10%        N/A       19%         2
 Summon Lightning Spire   Summ/Air       15%        N/A       36%         4
 Olgreb's Toxic Radiance  Pois           5%         N/A       77%         4
 Manifold Assault         Tloc           5%         N/A       98%         5
 Ozocubu's Refrigeration  Ice            2%         4d5       100%        7
 Storm Form               Tmut/Air       2%         N/A       100%        7
 Ignition                 Fire           2%         3d3       100%        8


Dungeon Overview and Level Annotations

Branches:
Dungeon (5/15)             Temple (1/1) D:5

Altars:
Ashenzari
Cheibriados
Dithmenos
Elyvilon
Fedhas
Gozag
Hepliaklqana
Makhleb
Nemelex Xobeh
Okawaru
Qazlal
Ru
Sif Muna
Trog
Uskayaw
Vehumet
Wu Jian
Xom
Yredelemnul
Zin
The Shining One

Shops:
D:4 *


Innate Abilities, Weirdness & Mutations

You are too large for most types of armour.
You have tough skin. (AC +1)
You have a somewhat thin skeletal structure. (Dex +2, Stealth+)
You are clumsy. (Dex -2)
You have hidden genetic defects.


Message History

The white imp gestures at you. The puff of frost hits you!
The centaur shoots an arrow.
The arrow hits you.
The white imp hits you but does no damage.
The white imp gestures at you. The puff of frost hits you!
* * * LOW HITPOINT WARNING * * *
Casting: Call Canine Familiar (dangerous; 3% risk of failure)
Confirm with . or Enter, or press ? or * to list all spells.
The white imp gestures at you. The puff of frost hits your hound!
The white imp hits your hound. The white imp freezes your hound.
Your hound barely misses the white imp.
Your hound barely misses the white imp.
The white imp gestures at you. The puff of frost hits your hound!
Your hound dies!
Your hound's corpse disappears in a puff of smoke!
Casting: Call Canine Familiar (dangerous; 3% risk of failure)
Confirm with . or Enter, or press ? or * to list all spells.
Your hound bites the white imp but does no damage.
The sentinel's mark upon you fades away.
Your hound bites the white imp.
Your hound bites the white imp.
The white imp dies!
The centaur shoots an arrow.
The arrow misses your hound. The arrow hits you.
* * * LOW HITPOINT WARNING * * *
Casting: Call Canine Familiar (dangerous; 3% risk of failure)
Confirm with . or Enter, or press ? or * to list all spells.
Your hound disappears in a puff of smoke!
The centaur shoots an arrow.
The arrow hits you.
* * * LOW HITPOINT WARNING * * *
The centaur shoots an arrow.
The arrow closely misses you.
You swap places.
The centaur shoots an arrow.
The arrow closely misses your hound. The arrow closely misses you.
Casting: Call Canine Familiar (dangerous; 3% risk of failure)
Confirm with . or Enter, or press ? or * to list all spells.
A beastly little devil appears in a puff of flame.
The centaur shoots an arrow.
The arrow closely misses your hound. The arrow hits you!
You die...

...>....# # ....###.# #.
#.######## ...†# #.# #.#
#.#....... ###.# #.# #.#
#...#...## #.###.# #.# #....#.#..
###...#.#####.# ##.#..#....
.........>....# #...##....#
####..#.#####.#########......>...
#..#.# #..h@.5.......#....##
#..#.# #c#########..#....#..
####..#.## #.# #.#..#.#..
.........# #.# ####..##...#.
####..##.####c#######............
#..##.##..c........#.#........
#..##....###.########.##...#.. #.
##..#.# #c.........##.###.. .
.......###.............# ##.


You could see a centaur (ally target), a friendly hound (summoned) and a
friendly crimson imp (summoned).

Vanquished Creatures
  A water moccasin (D:5)
  An ogre (D:4)
  A water moccasin skeleton (D:4)
  A jelly (D:5)
  A centaur skeleton (D:5)
  An iguana (D:5)
  Jessica (D:2)
  A hound skeleton (D:4)
  A gnoll (D:3)
  2 adders
  An ufetubus (D:5)
  A dart slug (D:2)
  An orc (D:3)
  2 bats (D:2)
  6 endoplasms
  5 giant cockroaches
  3 goblins
  4 hobgoblins
  2 quokkas (D:4)
  9 ball pythons
  4 frilled lizards
  6 kobolds
  5 rats
60 creatures vanquished.

Vanquished Creatures (collateral kills)
  A hornet zombie (D:5)
  2 scorpions
  An iguana (D:4)
  3 gnolls (D:3)
  4 adders (D:2)
  2 white imps (D:5)
  3 worms
  A hobgoblin (D:4)
  A quokka (D:3)
  3 frilled lizards (D:2)
21 creatures vanquished.

Grand Total: 81 creatures vanquished

Notes
Turn   | Place    | Note
-------+----------+-------------------------------------------
     0 | D:1      | ZappyNine the Ogre Summoner began the quest for the Orb.
     0 | D:1      | Reached XP level 1. HP: 16/16 MP: 3/3
   127 | D:1      | Reached skill level 1 in Fighting
   187 | D:1      | Reached XP level 2. HP: 27/27 MP: 5/5
   214 | D:1      | Found a faded altar of an unknown god.
   641 | D:1      | Learned a level 2 spell: Call Imp
   738 | D:1      | Reached XP level 3. HP: 31/35 MP: 7/7
  1018 | D:2      | Reached skill level 2 in Fighting
  1022 | D:2      | HP: 1/35 [poisoned by an adder]
  1341 | D:2      | Noticed Jessica
  1343 | D:2      | Killed Jessica
  1344 | D:2      | Reached XP level 4. HP: 42/44 MP: 9/9
  2168 | D:2      | Reached skill level 3 in Fighting
  2172 | D:2      | Learned a level 3 spell: Call Canine Familiar
  3078 | D:3      | Reached XP level 5. HP: 28/53 MP: 6/10
  4134 | D:4      | Reached skill level 4 in Fighting
  4134 | D:4      | Reached XP level 6. HP: 15/62 MP: 8/12
  4784 | D:4      | Found Osiugguo's Mayhem Merchandise.
  5111 | D:4      | Reached skill level 5 in Summonings
  5701 | D:5      | Entered Level 5 of the Dungeon
  5714 | D:5      | Reached skill level 5 in Fighting
  5714 | D:5      | Reached skill level 5 in Spellcasting
  5714 | D:5      | Reached XP level 7. HP: 37/72 MP: 14/14
  5715 | D:5      | Found a staircase to the Ecumenical Temple.
  5801 | Temple   | Entered the Ecumenical Temple
  6263 | Temple   | Became a worshipper of Hepliaklqana the Forgotten
  6842 | D:5      | Reached skill level 6 in Fighting
  7125 | D:5      | Gained mutation: You have hidden genetic defects. [potion
                  | of mutation]
  7125 | D:5      | Gained mutation: You are clumsy. (Dex -2) [potion of
                  | mutation]
  7125 | D:5      | Gained mutation: You have a somewhat thin skeletal
                  | structure. (Dex +2, Stealth+) [potion of mutation]
  7311 | D:5      | Shot with an arrow by a centaur

Illustrated notes

Levels and vault maps discovered:
D:1:      elethiomel_arrival_infinity_welcomes_careful_drivers, layout_basic,
          shapermc_ecumenical_altar_starsandcircs
D:2:      layout_basic, serial_corexii_hall, corexii_hall_statues_l,
          chequers_hall_statues_corner_a, chequers_hall_statues_y,
          minmay_lizard_pond, uniq_jessica
D:3:      layout_basic
D:4:      layout_loops_cross, minmay_misc_feat_rows, minmay_shop_mayhem,
          minmay_misc_feat_alley, minivault_19, minmay_misc_feat_enclosed,
          chequers_mini_garden
D:5:      layout_loops_ring, minmay_temple_entry_mini_moons,
          portal_sewer_entry_e
Temple:   regret_index_temple_sigil_plot

Skill      XL: |  1  2  3  4  5  6  7 |
---------------+----------------------+-----
Fighting       | 1 2 3 4 5 6 |  6.1
Spellcasting   | 3 4 5 |  5.8
Summonings     | 4 5 |  5.7
Maces & Flails | |  0.5
Dodging        | |  1.7
Stealth        | |  1.4

Action                   |  1- 3 |  4- 6 |  7- 9 || total
-------------------------+-------+-------+-------++-------
Melee: Hand axe          |    63 |     6 |       ||    69
       Punch             |     4 |     4 |     1 ||     9
       Club              |       |    72 |       ||    72
       Trident           |       |    93 |    40 ||   133
 Cast: Summon Small Mamm |     5 |     5 |       ||    10
       Call Imp          |     2 |     9 |     5 ||    16
       Call Canine Famil |       |    12 |    12 ||    24
  Use: Potion            |       |     1 |     4 ||     5
       Scroll            |       |     6 |     5 ||    11
 Stab: Distracted        |     1 |     2 |       ||     3
       Sleeping          |       |     2 |       ||     2
Armor: Robe              |    30 |    61 |    10 ||   101
Dodge: Dodged            |    43 |    93 |    35 ||   171
